 Dungeon Crawl Stone Soup version 0.27-a0-1612-gde56a17b89 (webtiles) character file.

Game seed: 5149781221246081108

554 funkygono the Firebug (level 7, -11/36 HPs)
             Began as a Gargoyle Fire Elementalist on July 22, 2021.
             Was a Follower of Vehumet.
             Killed by divine providence
             ... invoked by an orc priest
              (14 damage)
             ... on level 3 of the Dungeon.
             The game lasted 00:09:50 (4245 turns).

funkygono the Firebug (Gargoyle Fire Elementalist)  Turns: 4245, Time: 00:09:51

Health: -11/36     AC:  9    Str: 12    XL:     7   Next: 30%
Magic:  10/13      EV: 12    Int: 17    God:    Vehumet [*.....]
Gold:   222        SH:  0    Dex: 10    Spells: 4/14 levels left

rFire    . . .     SeeInvis .   e - +0 mace
rCold    . . .     Faith    +   (no shield)
rNeg     + . .     Spirit   .   a - +0 robe
rPois    ∞         Reflect  .   f - +1 helmet
rElec    +         Harm     +   l - scarf {harm}
rCorr    .         Rampage  .   p - +0 pair of gloves
Will     .....                  (no boots)
Stlth    ++........             d - amulet of faith
HPRegen  0.12/turn              (no ring)
MPRegen  0.13/turn              (no ring)

@: on berserk cooldown, slowed, very slow
A: sickness immunity, AC +4, negative energy resistance 1, electricity
resistance, torment resistance 1, petrification resistance
a: Renounce Religion


You were on level 3 of the Dungeon.
You worshipped Vehumet.
Vehumet was aware of your devotion.
You visited 1 branch of the dungeon, and saw 4 of its levels.

You collected 222 gold pieces.

Inventory:

Hand Weapons
 b - a +0 club
 e - a +0 mace (weapon)
 i - a +4 dagger
Missiles
 c - 47 stones
 h - a curare-tipped dart
Armour
 a - a +0 robe (worn)
 f - a +1 helmet (worn)
 l - a scarf of harm (worn)
 m - a +0 leather armour of cold resistance
 p - a +0 pair of gloves (worn)
Jewellery
 d - an amulet of faith (around neck)
Scrolls
 o - a scroll of enchant armour
 q - a scroll of noise {unknown}
Potions
 g - 3 potions of curing
 k - a potion of heal wounds
 n - a potion of resistance


   Skills:
 + Level 0.1 Fighting
 + Level 1.1 Maces & Flails
 + Level 1.9 Dodging
 - Level 2.1 Stealth
 * Level 4.3 Spellcasting
 * Level 3.4 Conjurations
 * Level 5.1 Fire Magic
 * Level 1.0 Ice Magic
 * Level 2.1 Earth Magic


You had 4 spell levels left.
You knew the following spells:

 Your Spells              Type           Power      Damage    Failure   Level
a - Foxfire               Conj/Fire      72%        2x1d7     2%          1
b - Sandblast             Erth           20%        2d7       6%          1
c - Conjure Flame         Conj/Fire      18%        6-21      8%          3
d - Sticky Flame          Conj/Fire      18%        2d4       26%         4
e - Freeze                Ice            28%        1d5       10%         1

Your spell library contained the following spells:

 Spells                   Type           Power      Damage    Failure   Level
 Magic Dart               Conj           60%        1d6       3%          1
 Beastly Appendage        Tmut           6%         N/A       16%         1
 Inner Flame              Hex/Fire       12%        N/A       16%         3
 Frozen Ramparts          Ice            14%        1d3       30%         3
 Hailstorm                Conj/Ice       11%        3d5       52%         4
 Animate Armour           Summ/Erth      14%        N/A       69%         4
 Fireball                 Conj/Fire      9%         3d6       58%         5
 Bolt of Magma            Conj/Fire/Erth 7%         4d6       69%         5
 Borgnjor's Vile Clutch   Necr/Erth      3%         N/A       95%         5
 Dragon Form              Tmut           1%         N/A       100%        7


Dungeon Overview and Level Annotations

Branches:
Dungeon (4/15)
 Temple: D:4-7

Altars:
Ashenzari
Kikubaaqudgha
Makhleb
Trog
Vehumet

Shops:
D:3 *(!   D:4 =


Innate Abilities, Weirdness & Mutations

You are immune to sickness and miasma.
Your stone body is resilient. (AC +4)
You are immune to poison.
You resist negative energy. (rN+)
You are resistant to electric shocks. (rElec)
You are resistant to unholy torment.
You are immune to petrification.


Message History

Your Ice Magic skill increases to level 1!
You closely miss the orc. The orc priest hits you with a +0 club.
You closely miss the orc. The orc closely misses you.
The orc priest begins to cast a cantrip, but forgets the words!
You barely miss the orc. The orc closely misses you.
The orc priest completely misses you.
You sock the orc!
You kill the orc!
Vehumet accepts your kill. The orc priest closely misses you.
Your magical contamination has completely faded away.
Things that are here:
a +0 hand axe; a +0 leather armour You closely miss the orc priest.
The orc priest is moderately wounded.
The orc priest misses you.
You closely miss the orc priest.
The orc priest is moderately wounded.
You are no longer berserk.
You are exhausted.
You feel yourself slow down.
The orc priest hits you but does no damage.
You hit the orc priest.
The orc priest is heavily wounded.
The orc priest hits you but does no damage.
The orc priest hits you with a +0 club.
You hit the orc priest.
The orc priest is almost dead.
The orc priest hits you but does no damage.
The orc priest calls down the wrath of Beogh upon you.
Beogh smites you!
* * * LOW HITPOINT WARNING * * *
You hit the orc priest.
The orc priest is almost dead.
The orc priest calls down the wrath of Beogh upon you.
Pain shoots through your body!
* * * LOW HITPOINT WARNING * * *
The orc priest invokes the aid of Beogh against you.
Beogh smites you!
You die...

######## #.......
############.......
#)o................
#>@................
#######.####.......
#....#.# #.......
#########.#....#
#.......
#.........######
#......#
#.#########
######## #.....# #
######.# ##########
# #....#.#
#........# #


You could see an orc priest.

Vanquished Creatures
  A kobold brigand (D:4)
  2 scorpions (D:4)
  A centaur zombie (D:3)
  A centaur skeleton (D:4)
  3 orc priests
  An iguana (D:3)
  11 adders
  A worm (D:2)
  7 dart slugs
  8 orcs
  2 endoplasms
  A giant cockroach (D:2)
  4 goblins
  8 hobgoblins
  4 quokkas
  6 ball pythons
  4 bats
  3 frilled lizards
  7 kobolds
  5 rats
80 creatures vanquished.

Vanquished Creatures (others)
  267 foxfires
267 creatures vanquished.

Grand Total: 347 creatures vanquished

Notes
Turn   | Place    | Note
-------+----------+-------------------------------------------
     0 | D:1      | funkygono the Gargoyle Fire Elementalist began the quest
                  | for the Orb.
     0 | D:1      | Reached XP level 1. HP: 10/10 MP: 3/3
   331 | D:1      | Reached XP level 2. HP: 15/15 MP: 1/5
   776 | D:1      | Identified a scroll of acquirement
   776 | D:1      | Acquired the Guide on Earthen Shape Shifting
   800 | D:1      | Learned a level 1 spell: Sandblast
  1051 | D:2      | Reached XP level 3. HP: 19/19 MP: 3/6
  1282 | D:2      | Reached XP level 4. HP: 17/24 MP: 1/7
  1385 | D:2      | Learned a level 3 spell: Conjure Flame
  1648 | D:2      | Found a faded altar of an unknown god.
  2032 | D:3      | Found a radiant altar of Vehumet.
  2032 | D:3      | Found an ancient bone altar of Kikubaaqudgha.
  2041 | D:3      | Reached skill level 1 in Maces & Flails
  2041 | D:3      | Reached skill level 4 in Fire Magic
  2041 | D:3      | Reached skill level 1 in Earth Magic
  2045 | D:3      | Found a bloodstained altar of Trog.
  2045 | D:3      | Found a burning altar of Makhleb.
  2116 | D:3      | Found a broken altar of Ashenzari.
  2120 | D:3      | Became a worshipper of Vehumet
  2165 | D:3      | Reached XP level 5. HP: 28/28 MP: 5/9
  2170 | D:3      | Learned a level 4 spell: Sticky Flame
  2231 | D:3      | Found Fonaorer's General Store.
  2254 | D:3      | Found Guselus's Antique Weapon Shop.
  2294 | D:3      | Found Heas Xae's Distillery.
  2926 | D:3      | Reached * piety under Vehumet
  2926 | D:3      | Offered knowledge of Magic Dart by Vehumet.
  3078 | D:3      | Reached XP level 6. HP: 32/32 MP: 7/11
  3080 | D:3      | Learned a level 1 spell: Freeze
  3448 | D:4      | Found Etafafil's Jewellery Shop.
  3696 | D:4      | Reached skill level 5 in Fire Magic
  3865 | D:4      | Reached XP level 7. HP: 36/36 MP: 7/13
  4236 | D:3      | Reached skill level 1 in Ice Magic
  4245 | D:3      | Killed from afar by an orc priest

Illustrated notes

Levels and vault maps discovered:
D:1:      dpeg_arrival_simpleton_a, layout_basic
D:2:      layout_basic, hellmonk_ecumenical_altar_inner_sanctum
D:3:      layout_basic, grunt_temple_overflow_open, serial_shops, shop,
          nicolae_lakefront_shop, shop, minmay_quadrilaterals
D:4:      layout_cave_pools, serial_shops, shop, gammafunk_ghost_grave

Skill      XL: |  1  2  3  4  5  6  7 |
---------------+----------------------+-----
Maces & Flails | 1 |  1.1
Conjurations   | 2 3 |  3.4
Fire Magic     | 4 5 |  5.1
Earth Magic    | 1 2 |  2.1
Spellcasting   | 3 4 |  4.3
Ice Magic      | 1 |  1.0
Fighting       | |  0.1
Dodging        | |  1.9
Stealth        | |  2.1

Action                   |  1- 3 |  4- 6 |  7- 9 || total
-------------------------+-------+-------+-------++-------
Melee: Mace              |    11 |    22 |    26 ||    59
 Cast: Foxfire           |    47 |   105 |    13 ||   165
       Sandblast         |     2 |    15 |     2 ||    19
       Freeze            |       |     2 |     3 ||     5
       Conjure Flame     |       |       |     1 ||     1
  Use: Scroll            |     2 |     5 |       ||     7
       Potion            |       |       |     2 ||     2
Armor: Robe              |     6 |    23 |    25 ||    54
Dodge: Dodged            |    19 |    26 |    22 ||    67

Table legend: (Time is in decaauts)
 A = Elapsed time spent in this place.
 B = Non-inter-level travel time spent in this place.
 C = Inter-level travel time spent in this place.
 D = Time resting spent in this place.
 E = Time spent auto-exploring this place.
 F = Levels seen in this place.
 G = Mean time per level.
                   A        B        C        D        E       F      G
               +--------+--------+--------+--------+--------+-----+--------+
         Total |   4263 |   4094 |    169 |    245 |   3024 |   4 | 1065.8 |
       Dungeon |   4263 |   4094 |    169 |    245 |   3024 |   4 | 1065.8 |
               +--------+--------+--------+--------+--------+-----+--------+

Top non-repeatable levels by time:
     D:3: 1570 daAuts
     D:2: 1208 daAuts
     D:1: 848 daAuts
     D:4: 636 daAuts
